 Dungeon Crawl Stone Soup version 0.20.1-1-g8b1a95d (webtiles) character file.

490 AverageBear the Cutter (level 6, -6/36 HPs)
             Began as a Deep Elf Fighter on July 18, 2017.
             Killed from afar by a white imp (10 damage)
             ... with a puff of frost
             ... summoned by Eustachio
             ... on level 4 of the Dungeon.
             The game lasted 00:06:11 (3858 turns).

AverageBear the Cutter (Deep Elf Fighter)           Turns: 3858, Time: 00:06:12

Health: -6/36      AC:  6    Str: 14      XL:     6   Next: 90%
Magic:  8/8        EV:  6    Int: 11      God:
Gold:   208        SH:  7    Dex: 14 (15) Spells: 5/5 levels left

rFire    . . .     SeeInvis .   a - +1 rapier
rCold    . . .     Gourm    .   c - +0 shield
rNeg     . . .     Faith    +   b - +0 scale mail
rPois    .         Spirit   .   (no helmet)
rElec    .         Reflect  .   (no cloak)
rCorr    .         Harm     .   (no gloves)
MR       .....                  (no boots)
Stlth    ..........             e - amulet of faith
Regen    0.6/turn               (no ring)
MPRegen  0.2/turn               (no ring)

@: hasted, heavily drained, very quick
A: dopey 1, regeneration 1
a: no special abilities


You were on level 4 of the Dungeon.
You were not hungry.

You visited 1 branch of the dungeon, and saw 4 of its levels.

You collected 208 gold pieces.

Inventory:

Hand Weapons
 a - a +1 rapier (weapon)
Armour
 b - a +0 scale mail (worn)
 c - a +0 shield (worn)
Jewellery
 e - an amulet of faith (around neck)
 g - an uncursed amulet of regeneration {unknown}
Wands
 n - a wand of random effects (47/48)
Scrolls
 k - a scroll of immolation
 m - 2 scrolls of recharging
 p - 3 scrolls of teleportation
 r - a scroll of enchant armour {unknown}
Potions
 h - a potion of haste
Comestibles
 f - 4 bread rations
 i - 3 royal jellies
 j - a chunk of flesh
 l - 2 meat rations
 q - 2 fruits


   Skills:
 - Level 2.4(0.4) Fighting
 + Level 7.5(5.2) Short Blades
 - Level 2.4(0.4) Armour
 - Level 2.4(0.4) Shields


You had 5 spell levels left.
You didn't know any spells.

Dungeon Overview and Level Annotations

Branches:
Dungeon (4/15)
 Temple: D:4-7

Altars:
The Shining One

Shops:
D:4 :

Annotations:
D:4 Eustachio


Innate Abilities, Weirdness & Mutations

You are dopey. (Int -2)
Your natural rate of healing is unusually fast.


Message History

The white imp hits you but does no damage.
You block the white imp's attack. Eustachio hits you but does no damage.
You feel drained.
You miss Eustachio.
Eustachio is almost dead.
The white imp completely misses you.
The white imp laughs crazily.
The white imp hits you but does no damage.
Eustachio hits you with a falchion of draining.
* * * LOW HITPOINT WARNING * * *
You feel drained.
* * * LOW HITPOINT WARNING * * *
Your shield and scale mail prevent you from hitting Eustachio.
Eustachio is almost dead.
The white imp gestures at you. The puff of frost hits you!
* * * LOW HITPOINT WARNING * * *
The white imp gestures at you. The puff of frost hits you!
You die...

###########.#########.#######...#
#.# ######.##### ##.## #.#
#..........# #.# #.# #.####.###.#
#.# #.# #.# #.# #.# #.# #.# #.#
#.# #.# #.# #.####.####.# #.# #.#
#.....55....# #.# #.#
..#####@###### #.# ##.# #.#####@#
#.# #<.# #......5# #.# #.##
#######.# #.# #.#
#.########>###.###
#รท...............#
#.#####.######.#.# #..# #.# #.#.#
##.# #.# #.#<#


You could see Eustachio, 2 white imps and a shadow imp.

Vanquished Creatures
  An ogre (D:4)
  A phantom (D:4)
  A centaur (D:3)
  A scorpion (D:4)
  A hound (D:4)
  2 worker ants (D:4)
  4 adders
  An ooze (D:2)
  2 worms (D:2)
  2 dart slugs (D:1)
  A leopard gecko (D:1)
  An orc (D:3)
  3 ball pythons
  6 giant cockroaches
  9 goblins
  6 hobgoblins
  3 jackals (D:2)
  2 quokkas
  6 bats
  2 frilled lizards (D:1)
  8 kobolds
  8 rats
71 creatures vanquished.

Notes
Turn   | Place    | Note
-------+----------+-------------------------------------------
     0 | D:1      | AverageBear the Deep Elf Fighter began the quest for the Orb.
     0 | D:1      | Reached XP level 1. HP: 13/13 MP: 3/3
   104 | D:1      | Reached XP level 2. HP: 10/18 MP: 4/4
   166 | D:1      | Reached skill level 3 in Short Blades
   750 | D:1      | Reached XP level 3. HP: 22/22 MP: 5/5
  1163 | D:2      | Reached skill level 4 in Short Blades
  1651 | D:2      | Reached XP level 4. HP: 27/27 MP: 6/6
  2361 | D:3      | Noticed a centaur
  2364 | D:3      | HP: 1/27 [centaur/arrow (7)]
  2381 | D:3      | Killed a centaur
  2381 | D:3      | Reached skill level 5 in Short Blades
  2381 | D:3      | Reached XP level 5. HP: 11/31 MP: 7/7
  2823 | D:3      | Found a glowing golden altar of the Shining One.
  3173 | D:4      | Gained mutation: You are dopey. (Int -2) [potion of mutation]
  3173 | D:4      | Gained mutation: Your natural rate of healing is unusually fast. [potion of mutation]
  3194 | D:4      | Found Qonigigy's Book Emporium.
  3194 | D:4      | Noticed a phantom
  3219 | D:4      | Killed a phantom
  3219 | D:4      | Reached skill level 6 in Short Blades
  3219 | D:4      | Reached XP level 6. HP: 28/36 MP: 8/8
  3673 | D:4      | Reached skill level 7 in Short Blades
  3807 | D:4      | Noticed Eustachio
  3858 | D:4      | Killed from afar by a white imp

Skill      XL: |  1  2  3  4  5  6 |
---------------+-------------------+-----
Short Blades   | 3 4 5 6 7 |  7.5
Fighting       | |  2.4
Armour         | |  2.4
Shields        | |  2.4

Action                   |  1- 3 |  4- 6 || total
-------------------------+-------+-------++-------
Melee: Rapier            |   156 |   175 ||   331
  Use: Scroll            |     1 |     4 ||     5
       Potion            |       |     6 ||     6
  Eat: Chunk             |     2 |     8 ||    10
Armor: Scale mail        |    67 |    61 ||   128
Dodge: Dodged            |    31 |    37 ||    68
Block: Shield            |    68 |    86 ||   154
